 Dungeon Crawl Stone Soup version 0.19.4-9-g45fd643 (webtiles) character file.

21156 galech the Grappler (level 12, -28/124 HPs)
             Began as a Troll Monk on Feb 20, 2017.
             Was a High Priest of Okawaru.
             Annihilated by a titanic slime creature (90 damage)
             ... on level 13 of the Dungeon.
             The game lasted 00:34:06 (13061 turns).

galech the Grappler (Troll Monk)                   Turns: 13061, Time: 00:34:07

Health: -28/124    AC: 10    Str: 26    XL:     12   Next: 51%
Magic:  24/26      EV: 17    Int:  6    God:    Okawaru [*****.]
Gold:   476        SH:  0    Dex: 12    Spells: 0 memorised, 11 levels left

rFire  . . .     SeeInvis .       - Unarmed
rCold  . . .     Gourm    +     A - +2 robe of New Discoveries {rN+ MR+ rCorr}
rNeg   + + .     Faith    .     (no shield)
rPois  +         Spirit   .     M - +2 hat
rElec  .         Reflect  .     O - +0 cloak (curse)
rCorr  +         Harm     .     (gloves unavailable)
MR     .....     Clarity  +     (boots unavailable)
Stlth  +++.......               K - amulet of Zoofoq {Gourm +Blink rN+ MR- MP+9}
                                o - ring of flight
                                Q - ring of poison resistance

@: heroism
A: unfitting armour, claws 3, clarity, fast metabolism 3, gourmand, regeneration
1, shaggy fur 1, tough skin 2
a: Heroism, Finesse, Renounce Religion, Evoke Blink, Evoke Flight


You were on level 13 of the Dungeon.
You worshipped Okawaru.
Okawaru was extremely pleased with you.
You were full.

You visited 2 branches of the dungeon, and saw 15 of its levels.
You also visited: Sewer.

You collected 689 gold pieces.
You spent 213 gold pieces at shops.

Inventory:

Armour
 A - the +2 robe of New Discoveries (worn) {rN+ MR+ rCorr}
   (Okawaru gifted it to you on level 7 of the Dungeon)

   It protects you from negative energy.
   It affects your resistance to hostile enchantments.
   It protects you from acid and corrosion.
 M - a +2 hat (worn)
 O - a cursed +0 cloak (worn)
 X - +0 steam dragon scales
Jewellery
 a - an uncursed amulet of harm
 o - a ring of flight (right claw)
 q - an uncursed amulet of rage
 r - an uncursed ring of protection from fire
 D - an uncursed ring of ice
 J - an uncursed ring of wizardry
 K - the amulet of Zoofoq (around neck) {Gourm +Blink rN+ MR- MP+9}
   (You found it on level 8 of the Dungeon)

   [amulet of the gourmand]

   It allows you to eat raw meat even when not hungry.
   It protects you from negative energy.
   It affects your resistance to hostile enchantments.
   It affects your magic capacity (+9).
   It lets you blink.
 Q - a ring of poison resistance (left claw)
 V - an uncursed ring of see invisible
 W - an uncursed ring of wizardry
Wands
 n - a wand of digging (11/24)
 I - a wand of digging (11/24)
Scrolls
 e - 3 scrolls of teleportation
 i - 7 scrolls of remove curse
 j - a scroll of fear
 m - 2 scrolls of amnesia
 B - a scroll of blinking
 F - a scroll of recharging
 H - a scroll of brand weapon
 L - a scroll of enchant weapon {unknown}
 Y - a scroll of fog
Potions
 c - 8 potions of curing
 d - 6 potions of heal wounds {unknown}
 h - a potion of ambrosia
 l - 2 potions of brilliance {unknown}
 p - 2 potions of agility
 t - a potion of haste {unknown}
 v - 3 potions of might {unknown}
 w - a potion of beneficial mutation
 x - 5 potions of flight {unknown}
 z - a potion of resistance
 G - a potion of cancellation {unknown}
 R - a potion of invisibility {unknown}
 S - 2 potions of degeneration {unknown}
Books
 k - a book of Air

   Spells                             Type                      Level
   a - Shock                          Conjuration/Air              1
   b - Swiftness                      Charms/Air                   2
   c - Repel Missiles                 Charms/Air                   2
   d - Static Discharge               Conjuration/Air              3
   e - Lightning Bolt                 Conjuration/Air              5
 u - a book of Cantrips

   Spells                             Type                      Level
   a - Confusing Touch                Hexes                        1
   b - Animate Skeleton               Necromancy                   1
   c - Summon Small Mammal            Summoning                    1
   d - Apportation                    Translocation                1
 y - a book of Battle

   Spells                             Type                      Level
   a - Infusion                       Charms                       1
   b - Shroud of Golubria             Charms/Translocation         2
   c - Song of Slaying                Charms                       2
   d - Spectral Weapon                Hexes/Charms                 3
   e - Regeneration                   Charms/Necromancy            3
 Z - a book of Power

   Spells                             Type                      Level
   a - Fulminant Prism                Conjuration/Hexes            4
   b - Iskenderun's Mystic Blast      Conjuration                  4
   c - Venom Bolt                     Conjuration/Poison           5
   d - Bolt of Magma                  Conjuration/Fire/Earth       5
   e - Iron Shot                      Conjuration/Earth            6
   f - Orb of Destruction             Conjuration                  7
   g - Spellforged Servitor           Conjuration/Summoning        7
Comestibles
 b - 12 bread rations
 f - 7 meat rations
 g - 15 fruits
 s - a royal jelly
 C - 3 beef jerkies
 E - 9 slices of pizza


   Skills:
 + Level 9.5(14.5) Fighting
 + Level 9.4(14.4) Dodging
 - Level 1.0(6.0) Stealth
 + Level 11.1(16.1) Unarmed Combat
 + Level 9.3 Invocations


You had 11 spell levels left.
You didn't know any spells.

Dungeon Overview and Level Annotations

Branches:
Dungeon (13/15)            Temple (0/1) D:6            Lair (2/6) D:10
    Orc (0/2) D:11
  Swamp: Lair:2-4    Shoals: Lair:2-4     Snake: Lair:2-4    Spider: Lair:2-4
 Vaults: D:13-14

Altars:
Cheibriados
Dithmenos
Elyvilon
Gozag
Kikubaaqudgha
Makhleb
Nemelex Xobeh
Okawaru
Qazlal
Ru
Sif Muna
Uskayaw
Vehumet
Beogh

Shops:
D:4 =!   D:6 (   D:11 =   D:12 *


Innate Abilities, Weirdness & Mutations

You are too large for most types of armour.
You have claws for hands.
Your metabolism is lightning-fast.
You like to eat raw meat.
Your natural rate of healing is unusually fast.
You are covered in fur. (AC +1)
You have very tough skin. (AC +2)
You possess an exceptional clarity of mind.


Message History

You claw the titanic slime creature!
The titanic slime creature is heavily wounded.
You claw the titanic slime creature!
The titanic slime creature is heavily wounded.
The titanic slime creature misses you.
You claw the titanic slime creature! x2
The titanic slime creature is heavily wounded.
The titanic slime creature hits you!!!
You mangle the titanic slime creature!!
The titanic slime creature is severely wounded.
The titanic slime creature hits you!
You claw the titanic slime creature!
The titanic slime creature is severely wounded.
Items here: / ???? 2 scrolls of immolation; a wand of flame; 2 scrolls of noise a scroll of summoning; 3 scrolls of random uselessness You gain the combat prowess of a mighty hero.
The titanic slime creature hits you!!!!
Ouch! That really hurt!
You die...

##.###.# #.#
#....#
#......# #.#
#.####
#..##### #.#
#.# #..# #<#
#.# #..# #.#
#.# ##..# #.#
#.# ....# #.#
#.# ...## #.#
#.# #..# #.#
#@#
#..#########.#
#J#
#............#
#?#
##[###########
#.# ...# #.#
####
########.#
#........#
#.######## #.#


You could see a titanic slime creature.

Vanquished Creatures
  Snorg (D:10)
  A hydra (Lair:1)
  Harold (D:10)
  An unseen horror (D:11)
  2 hill giants (D:9)
  A cyclops (D:12)
  2 oklob plants (Lair:1)
  An ugly thing (D:10)
  A manticore (D:11)
  A centaur zombie (D:11)
  A black mamba (Lair:1)
  A spiny frog (Lair:1)
  A gargoyle (D:9)
  A komodo dragon (D:10)
  The ghost of galech the Ruffian, an amateur TrMo (D:3)
  A tengu conjurer (D:12)
  A polar bear (Lair:1)
  A hornet (D:10)
  2 slime creatures (D:12)
  A two-headed ogre (D:13)
  3 hippogriffs
  A meliai zombie (D:11)
  The ghost of galech the Ruffian, an amateur TrMo (Sewer)
  20 yaks
  A shadow (D:11)
  2 wyverns
  Grum (D:8)
  4 hogs (D:8)
  A human (D:8)
  A steam dragon (D:12)
  3 hungry ghosts
  The ghost of Agrougrou the Sneak, an amateur OpAs (D:4)
  A soldier ant (D:12)
  2 water moccasins
  Duvessa (D:4)
  2 porcupines (Lair:1)
  5 ice beasts
  A sky beast (D:8)
  4 orc warriors
  3 ogres
  11 centaurs
  2 phantoms
  4 wolves
  4 crocodiles (Lair:1)
  A big kobold (Sewer)
  11 bullfrogs
  A gnoll sergeant (D:8)
  A water moccasin zombie (D:7)
  Dowan (D:4)
  2 scorpions
  A wyvern skeleton (D:10)
  5 wights (D:6)
  2 howler monkeys
  An electric eel (D:9)
  6 crimson imps
  4 jellies
  12 orc wizards
  3 centaur skeletons
  8 hounds
  12 orc priests
  3 iguanas
  7 worker ants
  A hound zombie (D:6)
  2 hound skeletons
  A howler monkey zombie (D:6)
  2 worker ant zombies
  Robin (D:4)
  3 gnolls (D:8)
  12 adders
  2 river rats (Sewer)
  2 shadow imps
  An ooze (D:5)
  2 worms (D:2)
  An adder skeleton (D:4)
  An adder zombie (D:7)
  4 dart slugs (D:1)
  9 leopard geckos
  49 orcs
  2 ball pythons
  2 bats
  10 giant cockroaches
  9 hobgoblins
  17 jackals
  4 quokkas
  5 frilled lizards
  19 goblins
  17 kobolds
  14 rats
  A bush (D:2)
  A plant (D:2)
377 creatures vanquished.

Vanquished Creatures (others)
  4 plants (D:10)
4 creatures vanquished.

Grand Total: 381 creatures vanquished

Notes
Turn   | Place    | Note
-------+----------+-------------------------------------------
     0 | D:1      | galech the Troll Monk began the quest for the Orb.
     0 | D:1      | Reached XP level 1. HP: 22/22 MP: 0/0
    46 | D:1      | Reached XP level 2. HP: 29/29 MP: 1/1
   305 | D:1      | Reached XP level 3. HP: 36/36 MP: 2/2
   702 | D:2      | Found an iron altar of Okawaru.
   706 | D:2      | Became a worshipper of Warmaster Okawaru
   706 | D:2      | Reached * piety under Okawaru
   706 | D:2      | Reached ** piety under Okawaru
   715 | D:2      | Reached skill level 4 in Unarmed Combat
   755 | D:2      | Found a stormy altar of Qazlal.
   768 | D:2      | Found an ancient bone altar of Kikubaaqudgha.
   768 | D:2      | Found a sacrificial altar of Ru.
   877 | D:2      | Reached XP level 4. HP: 44/44 MP: 3/3
  1032 | D:3      | Found a sparkling altar of Nemelex Xobeh.
  1032 | D:3      | Found an opulent altar of Gozag.
  1115 | D:3      | Noticed galech's ghost (amateur TrMo)
  1445 | D:3      | Found a snail-covered altar of Cheibriados.
  1546 | D:3      | Killed galech's ghost
  1546 | D:3      | Reached *** piety under Okawaru
  1546 | D:3      | Reached XP level 5. HP: 21/53 MP: 1/5
  1546 | D:3      | Reached XP level 6. HP: 25/61 MP: 1/6
  1761 | D:4      | Noticed Agrougrou's ghost (amateur OpAs)
  1772 | D:4      | Killed Agrougrou's ghost
  1800 | D:4      | Reached skill level 5 in Unarmed Combat
  1939 | D:4      | Noticed Robin
  1970 | D:4      | Reached XP level 7. HP: 49/70 MP: 7/7
  1982 | D:4      | Killed Robin
  2189 | D:4      | Found Wiehabre's Distillery.
  2197 | D:4      | Bought a potion of curing for 33 gold pieces
  2360 | D:4      | Noticed Duvessa
  2360 | D:4      | Noticed Dowan
  2367 | D:4      | Killed Duvessa
  2369 | D:4      | Killed Dowan
  2451 | D:4      | Found Coigyet's Jewellery Shoppe.
  2587 | D:5      | Entered Level 5 of the Dungeon
  2593 | D:5      | Reached **** piety under Okawaru
  2674 | D:5      | Found a glowing drain.
  2695 | Sewer    | Entered a sewer
  2738 | Sewer    | Noticed galech's ghost (amateur TrMo)
  2771 | Sewer    | Killed galech's ghost
  2771 | Sewer    | Reached XP level 8. HP: 15/79 MP: 9/9
  2891 | Sewer    | Reached skill level 6 in Unarmed Combat
  2951 | Sewer    | Found a white marble altar of Elyvilon.
  3109 | D:5      | Reached skill level 5 in Fighting
  3279 | D:5      | Reached skill level 5 in Dodging
  3453 | D:6      | Found Gycuggus's Antique Weapon Shoppe.
  3476 | D:6      | Found a staircase to the Ecumenical Temple.
  3710 | D:6      | Reached ***** piety under Okawaru
  3750 | D:6      | Reached skill level 7 in Unarmed Combat
  3814 | D:6      | Reached XP level 9. HP: 67/88 MP: 11/11
  4508 | D:7      | Found a deep blue altar of Sif Muna.
  4511 | D:7      | Found a hide-covered altar of Uskayaw.
  4593 | D:7      | Received a gift from Okawaru
  4596 | D:7      | Got an ancient robe {god gift}
  4607 | D:7      | Identified the +2 robe of New Discoveries {rN+ MR+ rCorr} (Okawaru gifted it to you on level 7 of the Dungeon)
  4643 | D:7      | Reached skill level 5 in Invocations
  4900 | D:7      | Found a shadowy altar of Dithmenos.
  4978 | D:7      | Gained mutation: You possess an exceptional clarity of mind. [potion of mutation]
  4978 | D:7      | Gained mutation: Scrolls take you a little longer to read. [potion of mutation]
  4978 | D:7      | Lost mutation: Scrolls take you a little longer to read. [potion of mutation]
  5642 | D:8      | Noticed Grum
  5665 | D:7      | Reached skill level 8 in Unarmed Combat
  5780 | D:8      | Killed Grum
  6047 | D:8      | Reached XP level 10. HP: 93/100 MP: 10/13
  6137 | D:8      | Found a radiant altar of Vehumet.
  6137 | D:8      | Found a burning altar of Makhleb.
  6242 | D:8      | Got a faintly glowing bronze amulet
  6244 | D:8      | Identified the amulet of Zoofoq {Gourm +Blink rN+ MR- MP+9} (You found it on level 8 of the Dungeon)
  6868 | D:9      | Reached skill level 9 in Unarmed Combat
  7217 | D:9      | Noticed a gargoyle
  7227 | D:9      | Killed a gargoyle
  7551 | D:10     | Entered Level 10 of the Dungeon
  7656 | D:10     | Noticed Snorg
  7663 | D:10     | Killed Snorg
  7701 | D:10     | Reached XP level 11. HP: 107/110 MP: 15/15
  7725 | D:10     | Noticed a hill giant
  7726 | D:10     | Noticed Harold
  7729 | D:10     | Noticed a hill giant
  7804 | D:9      | Killed a hill giant
  7896 | D:9      | Killed a hill giant
  7950 | D:10     | Killed Harold
  8095 | D:10     | You fall through a shaft!
  8542 | D:10     | Found a staircase to the Lair.
  8572 | D:10     | Received a gift from Okawaru
  8793 | D:11     | Noticed a red ugly thing
  8875 | D:10     | Killed a red ugly thing
  8875 | D:10     | Reached skill level 10 in Unarmed Combat
  9426 | Lair:1   | Entered Level 1 of the Lair of Beasts
  9797 | Lair:1   | Noticed a six-headed hydra
  9812 | Lair:1   | Killed a ten-headed hydra
 10036 | Lair:1   | Noticed an oklob plant
 10037 | Lair:1   | Noticed an oklob plant
 10050 | Lair:1   | Killed an oklob plant
 10050 | Lair:1   | Reached XP level 12. HP: 47/123 MP: 17/17
 10809 | D:11     | Found Pappamos's Jewellery Boutique.
 10823 | D:11     | Bought an uncursed ring of see invisible for 180 gold pieces
 10964 | D:11     | Received a gift from Okawaru
 11115 | D:11     | Found a staircase to the Orcish Mines.
 11145 | D:11     | Found a roughly hewn altar of Beogh.
 11946 | D:12     | Found Tiheydy's Island Escapes.
 12099 | D:12     | Reached skill level 11 in Unarmed Combat
 12759 | D:13     | Found a white marble altar of Elyvilon.
 13061 | D:13     | Annihilated by a titanic slime creature

Skill      XL: |  1  2  3  4  5  6  7  8  9 10 11 12 |
---------------+-------------------------------------+-----
Dodging        | 3 4 5 6 7 8 9 |  9.4
Unarmed Combat | 4 5 7 8 9 10 11 | 11.1
Fighting       | 3 4 5 6 7 9 |  9.5
Invocations    | 2 3 4 5 7 8 9 |  9.3
Stealth        | |  1.0

Action                   |  1- 3 |  4- 6 |  7- 9 | 10-12 || total
-------------------------+-------+-------+-------+-------++-------
Melee: Unarmed           |   107 |   183 |   383 |   567 ||  1240
       Punch             |       |     4 |    10 |    28 ||    42
Invok: Heroism           |       |     2 |     6 |     9 ||    17
       Finesse           |       |       |     1 |     8 ||     9
 Abil: Evoke Flight      |       |       |     1 |     1 ||     2
  Use: Scroll            |       |       |    16 |     6 ||    22
       Potion            |       |       |     1 |       ||     1
 Stab: Sleeping          |     4 |       |     6 |     4 ||    14
       Distracted        |       |       |       |     1 ||     1
  Eat: Chunk             |    14 |    10 |    42 |    79 ||   145
Armor: Robe              |    25 |    35 |    88 |   131 ||   279
Dodge: Dodged            |    65 |    90 |   211 |   283 ||   649
